 Dungeon Crawl Stone Soup version 0.18-a0-1312-gf98331d (webtiles) character file.

121 st0uf the Firebug (level 4, -3/33 HPs)
             Began as a Draconian Fire Elementalist on Feb 14, 2016.
             Was a Believer of Nemelex Xobeh.
             Slain by Sigmund
             ... wielding a +0 scythe
              (8 damage)
             ... on level 3 of the Dungeon.
             The game lasted 00:14:49 (2454 turns).

st0uf the Firebug (Draconian Fire Elementalist)     Turns: 2454, Time: 00:14:49

Health: -3/33      AC:  6    Str: 11    XL:     4   Next: 77%
Magic:  0/8        EV: 12    Int: 15    God:    Nemelex Xobeh [**....]
Gold:   121        SH:  0    Dex: 12    Spells: 3 memorised, 0 levels left

rFire  . . .     SeeInvis .     (no weapon)
rCold  . . .     Gourm    .     (armour unavailable)
rNeg   . . .     Faith    .     (no shield)
rPois  .         Spirit   .     (helmet restricted)
rElec  .         Dismiss  .     m - +0 cloak
rCorr  .         Reflect  .     (no gloves)
SustAt .         Harm     .     (no boots)
MR     +....                    (no amulet)
Stlth  ++........               (no ring)
                                l - ring of protection from magic

@: very slightly contaminated, somewhat resistant to hostile enchantments,
unstealthy
A: unfitting armour, cold-blooded, AC +5
a: Renounce Religion


You were on level 3 of the Dungeon.
You worshipped Nemelex Xobeh.
Nemelex Xobeh was pleased with you.
You were very hungry.

You visited 1 branch of the dungeon, and saw 3 of its levels.

You collected 121 gold pieces.

Inventory:

Missiles
 r - 12 poisoned needles
Armour
 m - a +0 cloak (worn)
Jewellery
 l - a ring of protection from magic (left hand)
Wands
 x - a wand of random effects (24/48)
Scrolls
 c - 2 scrolls of amnesia {unknown}
 d - a scroll of fog {unknown}
 e - 7 scrolls of identify {unknown}
 f - a scroll of blinking {unknown}
 i - a scroll of fear {unknown}
 j - a scroll of immolation {unknown}
 k - a scroll of enchant armour {unknown}
 s - a scroll of enchant weapon {unknown}
 y - a scroll of teleportation {unknown}
 z - a scroll of remove curse {unknown}
Potions
 g - a potion of curing {unknown}
 o - a potion of invisibility {unknown}
 p - a potion of heal wounds {unknown}
 A - a potion of cancellation {unknown}
Books
 a - a book of Flames

   Spells                             Type                      Level
   a - Flame Tongue                   Conjuration/Fire             1
   b - Throw Flame                    Conjuration/Fire             2
   c - Conjure Flame                  Conjuration/Fire             3
   d - Inner Flame                    Hexes/Fire                   3
   e - Sticky Flame                   Conjuration/Fire             4
   f - Fireball                       Conjuration/Fire             5
 u - a book of Changes

   Spells                             Type                      Level
   a - Beastly Appendage              Transmutation                1
   b - Sticks to Snakes               Transmutation                2
   c - Spider Form                    Transmutation/Poison         3
   d - Ice Form                       Ice/Transmutation            4
   e - Blade Hands                    Transmutation                5
Miscellaneous
 n - a plain deck of destruction {drawn: 4}
 v - a plain deck of war {drawn: 1}
Comestibles
 b - 3 bread rations
 h - a beef jerky
 q - a fruit
 t - a slice of pizza
 w - a meat ration


   Skills:
 + Level 0.2 Fighting
 + Level 2.4 Dodging
 + Level 1.9 Stealth
 + Level 0.4 Unarmed Combat
 + Level 2.7 Spellcasting
 + Level 1.7 Conjurations
 * Level 4.0 Fire Magic
 * Level 1.1 Evocations


You couldn't memorise any spells.
You knew the following spells:

 Your Spells              Type           Power        Failure   Level  Hunger
a - Flame Tongue          Conj/Fire      ##...        8%          1    #......
b - Conjure Flame         Conj/Fire      ##......     21%         3    ###....
c - Sticky Flame          Conj/Fire      ##......     67%         4    #####..


Dungeon Overview and Level Annotations

Branches:
Dungeon (3/15)

Altars:
Ashenzari
Dithmenos
Nemelex Xobeh

Annotations:
D:3 Kidiri's ghost, weakling DrTm; Sigmund


Innate Abilities, Weirdness & Mutations

Your plain brown scales are hard (AC +5).
Your body does not fit into most forms of armour.
You are cold-blooded and may be slowed by cold attacks.


Message History

You miscast Sticky Flame.
You are very lightly contaminated with residual magic.
Energy rips through your body!
Ouch! That really hurt!
* * * LOW HITPOINT WARNING * * *
Casting: Sticky Flame
Confirm with . or Enter, or press ? or * to list all spells.
The spell is very dangerous to cast!
Continue anyway? [Y]es or [N]o only, please.
The spell is very dangerous to cast!
Continue anyway?
Aiming: Sticky Flame
Press: ? - help, Shift-Dir - straight line, f/p - Sigmund
Aim: Sigmund, wielding a scythe and wearing an embroidered robe You miscast Sticky Flame.
You hear a sizzling sound.
You are feeling very hungry.
Sigmund hits you but does no damage.
Sigmund hits you from afar with a scythe!
You die...
Your body glows slightly and disappears.

#......## ##........## #########
#...[.>....# ........#
#..........# ##### .([..>..#
#..........#####....
........######...................
........................###......
....(...#######........## #......
..†....<........@.@....## #......
........##...#..........# #......
........##...#.......<..# #......
###.######..............# #......
#.# #...#..........# #.....) #.#
#...#..........# #...... ###.#
#...#.........####...... ..#.##
###.##.........#...@.... ...).##
#.##......(...(##.....


You could see Sigmund.

Vanquished Creatures
  5 adders
  2 oozes (D:1)
  3 worms
  2 giant geckos
  5 orcs (D:3)
  3 giant cockroaches
  6 goblins
  3 hobgoblins
  2 ball pythons (D:1)
  7 bats
  4 giant newts
  5 kobolds
  6 rats
53 creatures vanquished.

Vanquished Creatures (collateral kills)
  A giant eyeball (D:3)
  A giant cockroach (D:3)
  A ball python (D:3)
3 creatures vanquished.

Grand Total: 56 creatures vanquished

Notes
Turn   | Place    | Note
--------------------------------------------------------------
     0 | D:1      | st0uf the Draconian Fire Elementalist began the quest for the Orb.
     0 | D:1      | Reached XP level 1. HP: 14/14 MP: 3/3
   323 | D:1      | Reached XP level 2. HP: 18/20 MP: 0/5
   877 | D:2      | Reached XP level 3. HP: 23/26 MP: 0/6
  1015 | D:2      | Found a faded altar to an unknown god.
  1029 | D:2      | Became a worshipper of Nemelex Xobeh the Trickster
  1029 | D:2      | Received a gift from Nemelex Xobeh
  1029 | D:2      | Reached * piety under Nemelex Xobeh
  1231 | D:2      | Reached XP level 4. HP: 33/33 MP: 1/7
  1367 | D:2      | Found a shadowy altar of Dithmenos.
  1367 | D:2      | Found a shattered altar of Ashenzari.
  1703 | D:3      | Learned a level 3 spell: Conjure Flame
  1732 | D:3      | Received a gift from Nemelex Xobeh
  1751 | D:3      | Noticed Ijyb
  1752 | D:3      | Noticed Ijyb
  1752 | D:3      | Ijyb changed into Ijyb the giant eyeball
  1755 | D:3      | Paralysed by Ijyb for 3 turns
  1760 | D:3      | Killed Ijyb the giant eyeball
  1760 | D:3      | Reached skill level 1 in Evocations
  1813 | D:3      | Reached skill level 4 in Fire Magic
  1821 | D:3      | Reached ** piety under Nemelex Xobeh
  1832 | D:3      | Noticed Kidiri's ghost (weakling DrTm)
  2034 | D:3      | Noticed Sigmund
  2053 | D:3      | Learned a level 4 spell: Sticky Flame
  2454 | D:3      | Slain by Sigmund

Vault maps used:
D:1:      co_arrival_square_in_a_square_in_a_square
D:2:      gammafunk_temple_overflow_wave, first_bread, ecumenical_altar_2
D:3:      uniq_sigmund, uniq_iyjb

Action                   |  1- 3 |  4- 6 || total
-------------------------+-------+-------++-------
Melee: Unarmed           |    33 |    68 ||   101
 Cast: Flame Tongue      |    55 |    31 ||    86
       Conjure Flame     |       |     2 ||     2
Evoke: Deck              |     1 |     4 ||     5
  Eat: Chunk             |     2 |     4 ||     6
